 Dungeon Crawl Stone Soup version 0.28.0-43-g3370ac3207 (webtiles) character file.

Game seed: 5187270904692781545

14627 H0rd4k the Eclecticist (level 11, -5/57 HPs)
             Began as a Deep Elf Hedge Wizard on Mar 22, 2022.
             Was an Initiate of Gozag.
             Slain by a catoblepas (24 damage)
             ... on level 2 of the Lair of Beasts on Mar 23, 2022.
             The game lasted 00:31:51 (16261 turns).

H0rd4k the Eclecticist (Deep Elf Hedge Wizard)     Turns: 16261, Time: 00:31:51

Health: -5/57      AC:  6    Str:  4    XL:     11   Next: 91%
Magic:  40/42      EV: 12    Int: 33    God:    Gozag
Gold:   953        SH:  0    Dex: 12    Spells: 33/42 levels left

rFire   x . .      SeeInvis .   b - +5 hand axe "Newtbane" {flame, rC++ rCorr Str-3 Int+9}
rCold   + + +      Faith    .   (no shield)
rNeg    . . .      Spirit   .   v - +3 leather armour of Quiet Fog {*Slow rC+ Dex+3}
rPois   .          Reflect  .   c - +0 hat
rElec   .          Harm     +   (no cloak)
rCorr   +          Rampage  .   (no gloves)
Will    +....                   (no boots)
Stlth   ++........              k - amulet of Darkness {Harm Regen+ rCorr Dex-5}
HPRegen 0.99/turn               I - ring of ice
MPRegen 0.28/turn               z - ring of magical power

@: slowed, very slow
A: no striking features
a: Renounce Religion, Potion Petition, Call Merchant, Bribe Branch


You were on level 2 of the Lair of Beasts.
You worshipped Gozag.
Gozag was pleased with you.
You visited 3 branches of the dungeon, and saw 14 of its levels.

You collected 2227 gold pieces.
You spent 125 gold pieces at shops.
You paid 1149 gold pieces to Gozag.

Inventory:

Hand Weapons
 a - a +0 dagger
 b - the +5 hand axe "Newtbane" (weapon) {flame, rC++ rCorr Str-3 Int+9}
   (You found it on level 1 of the Lair of Beasts)

   It burns those it strikes, dealing additional fire damage.
   Big, fiery blades are also staple armaments of hydra-hunters.
   Str:       It affects your strength (-3).
   Int:       It affects your intelligence (+9).
   rC:        It greatly protects you from cold.
   rCorr:     It protects you from acid and corrosion.
 q - a +1 dagger of electrocution
Armour
 c - a +0 hat (worn)
 v - the +3 leather armour of Quiet Fog (worn) {*Slow rC+ Dex+3}
   (You found it on level 4 of the Dungeon)

   Dex:       It affects your dexterity (+3).
   rC:        It protects you from cold.
   *Slow:     It may slow you when you take damage.
Magical Staves
 p - a staff of cold
 w - a staff of poison
Jewellery
 k - the amulet of Darkness (around neck) {Harm Regen+ rCorr Dex-5}
   (You found it on level 2 of the Dungeon)

   [amulet of regeneration]

   Dex:       It affects your dexterity (-5).
   Regen:     It increases your rate of health regeneration.
   rCorr:     It protects you from acid and corrosion.
   Harm:      It increases damage dealt and taken.
 y - a ring of resist corrosion
 z - a ring of magical power (right hand)
 E - a ring of poison resistance
 I - a ring of ice (left hand)
 K - a ring of flight
 L - the ring of Xom's Malicious Joy {*Slow rElec rC+ rCorr Slay+4}
   (You bought it in a shop on level 8 of the Dungeon)

   [ring of slaying]

   Slay:      It affects your accuracy & damage with ranged weapons and melee
   (+4).
   rC:        It protects you from cold.
   rElec:     It insulates you from electricity.
   rCorr:     It protects you from acid and corrosion.
   *Slow:     It may slow you when you take damage.
Wands
 d - a wand of flame (10)
 G - a wand of digging (5)
 J - a wand of polymorph (3)
Scrolls
 h - 3 scrolls of blinking
 i - a scroll of acquirement {unknown}
 l - 2 scrolls of enchant weapon
 m - a scroll of teleportation {unknown}
 r - a scroll of immolation {unknown}
 s - a scroll of fear
 t - a scroll of torment {unknown}
 F - a scroll of vulnerability {unknown}
 H - a scroll of fog {unknown}
Potions
 e - 4 potions of flight
 f - 8 potions of curing
 g - 3 potions of attraction
 j - a potion of haste
 n - 3 potions of heal wounds
 o - 2 potions of invisibility
 u - 2 potions of mutation
 x - a potion of might
 B - a potion of brilliance {unknown}


   Skills:
 + Level 1.7 Fighting
 + Level 0.1 Axes
 + Level 4.0 Armour
 + Level 5.0 Dodging
 + Level 4.3 Stealth
 + Level 16.0 Spellcasting
 + Level 12.0 Conjurations
 + Level 1.1 Summonings
 + Level 4.7 Translocations
 - Level 2.3 Fire Magic
 + Level 3.5 Air Magic
 + Level 4.1 Poison Magic
 + Level 2.0 Evocations


You had 33 spell levels left.
You knew the following spells:

 Your Spells              Type           Power      Damage    Failure   Level
a - Magic Dart            Conj           100%       1d8       1%          1
b - Blink                 Tloc           100%       N/A       1%          2
c - Conjure Flame         Conj/Fire      65%        6-21      1%          3
d - Mephitic Cloud        Conj/Pois/Air  63%        N/A       1%          3

Your spell library contained the following spells:

 Spells                   Type           Power      Damage    Failure   Level
 Sting                    Tmut/Pois      100%       1d8       1%          1
 Poisonous Vapours        Pois/Air       100%       N/A       1%          2
 Dazzling Flash           Conj/Hex       100%       N/A       1%          3
 Iskenderun's Mystic Bla  Conj/Tloc      69%        2d14      1%          4
 Slow                     Hex            100%       N/A       2%          1
 Call Imp                 Summ           34%        N/A       2%          2
 Olgreb's Toxic Radiance  Pois           52%        N/A       4%          4
 Tukima's Dance           Hex            26%        N/A       8%          3
 Freezing Cloud           Conj/Ice/Air   37%        6-21      9%          5
 Manifold Assault         Tloc           55%        N/A       10%         5
 Starburst                Conj/Fire      32%        6d10      21%         6
 Anguish                  Hex/Necr       13%        N/A       26%         4
 Simulacrum               Ice/Necr       19%        N/A       98%         6
 Enfeeble                 Hex            13%        N/A       100%        7
 Storm Form               Tmut/Air       19%        N/A       100%        7
 Polar Vortex             Ice            19%        N/A       100%        9


Dungeon Overview and Level Annotations

Branches:
Dungeon (10/15)            Temple (1/1) D:4            Lair (3/6) D:8
    Orc (0/2) D:9
  Swamp: Lair:2-4    Shoals: Lair:2-4     Snake: Lair:2-4    Spider: Lair:2-4

Altars:
Ashenzari
Cheibriados
Dithmenos
Elyvilon
Fedhas
Gozag
Hepliaklqana
Kikubaaqudgha
Makhleb
Nemelex Xobeh
Okawaru
Qazlal
Ru
Sif Muna
Trog
Uskayaw
Vehumet
Wu Jian
Xom
Yredelemnul
Zin
The Shining One

Shops:
D:5 ?=??:   D:8 [*

Annotations:
D:1 exclusion: downstairs
D:5 exclusion: downstairs
D:8 exclusion: downstairs, Prince Ribbit
Lair:1 exclusion: 2 downstairs
Lair:2 exclusions: catoblepas and 2 downstairs


Message History

There is a stone staircase leading up here.
You climb upwards.
Level annotation: exclusion: 2 downstairs
There is a stone staircase leading down, spattered with blood here.
Done exploring.
Unknown command.
Okay, then.
Unknown command.
Done exploring.
(D) Dungeon (T) Temple (L) Lair (O) Orcish Mines
Where to? (Enter - Lair:3, ? - help)
There is a stone staircase leading down here.
You climb downwards.
Level annotation: exclusions: catoblepas and 2 downstairs
There is a stone staircase leading up here.
A catoblepas is nearby!
The catoblepas breathes a plume of calcifying dust at you.
The blast of calcifying dust hits you.
The catoblepas breathes a plume of calcifying dust at you.
The blast of calcifying dust hits you but does no damage.
Casting: Blink (safe; 1% risk of failure)
Confirm with . or Enter, or press ? or * to list all spells.
The fire begins to smoulder!
The fire ignites!
Unknown command.
Casting: Conjure Flame (safe; 1% risk of failure)
Confirm with . or Enter, or press ? or * to list all spells.
You don't know that spell.
The magic dart hits the catoblepas but does no damage.
The catoblepas is engulfed in blazing flames.
The catoblepas breathes a plume of calcifying dust at you.
The blast of calcifying dust hits you.
You feel yourself slow down.
Unknown command.
The catoblepas is engulfed in blazing flames.
The catoblepas gores you!!
Ouch! That really hurt!
The catoblepas is engulfed in blazing flames.
The catoblepas gores you!!
You die...
Your body crumbles into a pile of gold.

### #####.###
#.###.#..##P####
.##.........##.####
.........(........#
..........#.§#...##
.........§§§####.###
.P....Y..§§§# #...#
.#....§§§...####Y###
.....#......##.§@###
..............§....#
.............§.#..P#
..#####.....§###...#
...# ##.##..##...##
...# #.....####..#
...# #.....###...##
..######...........#
.§......[....#P##.##


You could see a catoblepas.

Vanquished Creatures
  A hydra (Lair:3)
  A manticore (D:10)
  Joseph (D:8)
  A black mamba (Lair:2)
  5 cane toads
  3 komodo dragons
  A troll (D:10)
  6 blink frogs
  A wyvern (Lair:2)
  Sigmund (D:2)
  18 yaks
  Eustachio (D:5)
  A basilisk (Lair:2)
  An acid dragon (D:10)
  7 water moccasins
  6 orc warriors
  A black bear (D:7)
  3 ice beasts
  A necrophage (D:8)
  10 wolves
  6 centaurs
  2 ogres (D:6)
  2 kobold brigands
  9 bullfrogs
  A gnoll sergeant (D:9)
  2 scorpions
  A wyvern skeleton (D:6)
  9 killer bees
  4 howler monkeys
  5 wights (D:9)
  An electric eel (D:9)
  A centaur zombie (D:5)
  5 hounds
  A jelly (D:6)
  2 gnoll shamans
  A bullfrog skeleton (D:5)
  A centaur skeleton (D:5)
  3 orc priests
  2 iguanas
  8 orc wizards
  A killer bee zombie (D:7)
  A hound zombie (D:5)
  20 gnolls
  8 adders
  A shadow imp (D:7)
  A white imp (D:8)
  2 ufetubi
  An adder skeleton (D:4)
  2 worms
  2 dart slugs
  24 orcs
  2 bats
  7 endoplasms
  2 giant cockroaches
  8 goblins
  7 hobgoblins
  2 jackals (D:2)
  16 kobolds
  A quokka (D:1)
  8 ball pythons
  3 frilled lizards
  6 rats
261 creatures vanquished.

Vanquished Creatures (collateral kills)
  3 killer bees
3 creatures vanquished.

Vanquished Creatures (others)
  A bush (Lair:2)
  19 fungi
  26 plants
46 creatures vanquished.

Grand Total: 310 creatures vanquished

Notes
Turn   | Place    | Note
-------+----------+-------------------------------------------
     0 | D:1      | H0rd4k the Deep Elf Hedge Wizard began the quest for the
                  | Orb.
     0 | D:1      | Reached XP level 1. HP: 10/10 MP: 7/7
   252 | D:1      | Reached skill level 5 in Spellcasting
   341 | D:1      | Reached XP level 2. HP: 15/15 MP: 2/10
  1258 | D:2      | Reached XP level 3. HP: 19/19 MP: 7/12
  1261 | D:2      | Learned a level 2 spell: Blink
  1265 | D:2      | Learned a level 3 spell: Conjure Flame
  1269 | D:2      | Learned a level 3 spell: Mephitic Cloud
  1291 | D:2      | Reached skill level 6 in Spellcasting
  1415 | D:2      | Identified the amulet of Darkness {Harm Regen+ rCorr Dex-5}
  1870 | D:2      | Reached XP level 4. HP: 24/24 MP: 4/14
  2112 | D:2      | Noticed Sigmund
  2354 | D:3      | Reached skill level 7 in Spellcasting
  2508 | D:2      | Killed Sigmund
  2509 | D:2      | Reached XP level 5. HP: 28/28 MP: 3/17
  2665 | D:3      | Reached XP level 6. HP: 32/32 MP: 13/18
  3448 | D:4      | Reached skill level 1 in Fire Magic
  3723 | D:4      | Reached skill level 1 in Poison Magic
  3922 | D:4      | Reached skill level 8 in Spellcasting
  4097 | D:4      | Found a staircase to the Ecumenical Temple.
  4260 | D:4      | Identified the +3 leather armour of Quiet Fog {*Slow rC+
                  | Dex+3}
  4398 | Temple   | Entered the Ecumenical Temple
  4737 | Temple   | Became a worshipper of Gozag Ym Sagoz the Greedy
  4788 | D:5      | Entered Level 5 of the Dungeon
  4810 | D:5      | Found Jienwu's Magic Scroll Shop.
  4870 | D:5      | Found Buicommy's Book Shop.
  4939 | D:5      | Reached XP level 7. HP: 36/36 MP: 16/20
  5173 | D:5      | Found Fawoun's Magic Scroll Emporium.
  5200 | D:5      | Reached skill level 1 in Air Magic
  5277 | D:5      | Found Ediat's Magic Scroll Emporium.
  5310 | D:5      | Noticed Eustachio
  5327 | D:5      | Killed Eustachio
  5328 | D:5      | Reached skill level 9 in Spellcasting
  5328 | D:5      | Reached skill level 5 in Conjurations
  5469 | D:5      | Found Catogaly's Jewellery Shop.
  5928 | D:6      | Reached XP level 8. HP: 41/41 MP: 8/23
  6402 | D:6      | Reached skill level 1 in Armour
  6648 | D:6      | Reached skill level 10 in Spellcasting
  7650 | D:7      | Reached skill level 11 in Spellcasting
  7970 | D:7      | Reached XP level 9. HP: 46/46 MP: 23/26
  8401 | D:8      | Noticed Prince Ribbit
  8627 | D:8      | Noticed Joseph
  9030 | D:8      | Killed Joseph
  9031 | D:8      | Reached skill level 12 in Spellcasting
  9316 | D:8      | Found a staircase to the Lair.
 10258 | D:9      | Reached XP level 10. HP: 51/51 MP: 26/28
 10849 | D:9      | Reached skill level 13 in Spellcasting
 11266 | D:9      | Found a staircase to the Orcish Mines.
 11483 | D:10     | Entered Level 10 of the Dungeon
 11497 | D:10     | Reached skill level 10 in Conjurations
 11724 | D:10     | Noticed a manticore
 11738 | D:10     | Killed a manticore
 11739 | D:10     | Reached skill level 14 in Spellcasting
 11959 | D:10     | Found a burning altar of Makhleb.
 12198 | D:10     | Reached skill level 1 in Evocations
 12582 | D:8      | Bought a glittering glass ring for 125 gold pieces
 12582 | D:8      | Identified the ring of Xom's Malicious Joy {*Slow rElec rC+
                  | rCorr Slay+4} (You bought it in a shop on level 8 of the
                  | Dungeon)
 12624 | Lair:1   | Entered Level 1 of the Lair of Beasts
 12896 | Lair:1   | Identified the +5 hand axe "Newtbane" {flame, rC++ rCorr
                  | Str-3 Int+9}
 13233 | Lair:1   | Reached XP level 11. HP: 55/55 MP: 31/31
 13566 | Lair:2   | Reached skill level 15 in Spellcasting
 14001 | Lair:2   | Reached skill level 1 in Fighting
 14184 | Lair:2   | Noticed a catoblepas
 15502 | Lair:3   | Noticed a six-headed hydra
 15569 | Lair:3   | Killed a six-headed hydra
 15572 | Lair:3   | Reached skill level 5 in Dodging
 15610 | Lair:3   | Noticed a seven-headed hydra
 15867 | Lair:2   | Reached skill level 16 in Spellcasting
 16028 | Lair:3   | Noticed a catoblepas
 16261 | Lair:2   | Slain by a catoblepas

Illustrated notes

Levels and vault maps discovered:
D:1:      lightli_arrival_chessboard, layout_basic
D:2:      layout_rooms, amcnicky_mini_pool_small,
          minmay_fractal_squares_gapless_5, uniq_sigmund
D:3:      layout_loops_ring
D:4:      layout_loops_ring, minmay_temple_entry_ruins
D:5:      layout_rooms, serial_shops, nicolae_take_the_stairs,
          nicolae_shop_behind_doors, shop, shop, shop, uniq_eustachio
D:6:      layout_cave_pods, chequers_serial_rivers_marsh
D:7:      layout_basic, kennysheep_generic_room_15
D:8:      layout_rooms, lair_entry_dummy, serial_curves, eino_curves_02,
          eino_curves_04, minmay_misc_feat_encased, serial_bayou_pond_d,
          minmay_misc_feat_plants, uniq_joseph, uniq_prince_ribbit1
D:9:      layout_roguey, david_orc_4, serial_bayou, serial_bayou_pond_c,
          serial_bayou_pond_c, serial_bayou_shore_b, serial_bayou_pond_d,
          chequers_serial_rivers_micro_a
D:10:     layout_long_grid, lightli_temple_of_fire
Temple:   mainiacjoe_temple_circle_huts
Lair:1:   layout_long_grid, infiniplex_staircase_pool
Lair:2:   layout_loops_ring
Lair:3:   layout_cave_pods, spider_nest_entry_web_field,
          grunt_forest_small_clearings, hibernation_bobbens,
          serial_bayou_shore_b, grunt_megastairs_1

Skill      XL: |  1  2  3  4  5  6  7  8  9 10 11 |
---------------+----------------------------------+-----
Spellcasting   | 5 6 7 8 9 11 12 14 16 | 16.0
Conjurations   | 3 4 5 6 8 10 12 | 12.0
Fire Magic     | 2 |  2.3
Poison Magic   | 1 2 3 4 |  4.1
Air Magic      | 1 2 3 |  3.5
Dodging        | 3 4 5 |  5.0
Armour         | 2 3 4 |  4.0
Translocations | 2 3 4 |  4.7
Stealth        | 3 4 |  4.3
Evocations     | 1 2 |  2.0
Fighting       | 1 |  1.7
Axes           | |  0.1
Summonings     | |  1.1

Action                   |  1- 3 |  4- 6 |  7- 9 | 10-12 || total
-------------------------+-------+-------+-------+-------++-------
Melee: Hand axe          |       |       |       |     3 ||     3
 Cast: Magic Dart        |   113 |   127 |   381 |   427 ||  1048
       Blink             |     1 |       |    14 |    19 ||    34
       Mephitic Cloud    |       |     2 |    18 |    26 ||    46
       Conjure Flame     |       |     3 |    28 |    30 ||    61
Invok: Call Merchant     |       |       |       |     2 ||     2
Evoke: Wand              |       |       |       |    13 ||    13
  Use: Scroll            |       |       |     8 |     3 ||    11
       Potion            |       |       |     1 |       ||     1
Armor: Robe              |     8 |     2 |       |       ||    10
       Leather armour    |       |       |    24 |    43 ||    67
Dodge: Dodged            |    11 |    20 |    82 |   118 ||   231
